TOP OF THE 1ST |
Minnesota Death Stars batting - Pitching for Manhatten Meatheads : LHP Juan Mendoza
|
Pitching: LHP Juan Mendoza
|
|
Batting: RHB José Pérez
|
0-0: Ground out 1-3 (Groundball, 15)
|
Batting: RHB Peter Dixon
|
0-0: Called Strike 0-1: Swinging Strike 0-2: Ball 1-2: Ball 2-2: Strikes out swinging
|
Batting: LHB Chris Loudermilk
|
0-0: Called Strike 0-1: Ball 1-1: Swinging Strike 1-2: Ball 2-2: Ball 3-2: Foul Ball, location: 2F 3-2: Strikes out looking
|
Top of the 1st over - 0 run(s), 0 hit(s), 0 error(s), 0 left on base; Minnesota 0 - Manhatten 0 |
BOTTOM OF THE 1ST |
Manhatten Meatheads batting - Pitching for Minnesota Death Stars : RHP Ángel Uribe
|
Pitching: RHP Ángel Uribe
|
|
Batting: SHB Will Evans
|
0-0: Ball 1-0: Called Strike 1-1: Ball 2-1: Ball 3-1: Base on Balls
|
Batting: RHB Alfredo Díaz
|
0-0: Ball Wild Pitch! Will Evans to second 1-0: Ball 2-0: Ball Will Evans is caught stealing 3rd base 3-0: Called Strike 3-1: Foul Ball, location: 2F 3-2: Base on Balls
|
Batting: RHB Claudio Gonzáles
|
0-0: Ball 1-0: Foul Ball, location: 2F 1-1: Ball 2-1: Swinging Strike 2-2: Strikes out swinging
|
Batting: RHB Júlio Galló
|
0-0: Called Strike 0-1: Ground out 4-3 (Groundball, 4)
|
Bottom of the 1st over - 0 run(s), 0 hit(s), 0 error(s), 1 left on base; Minnesota 0 - Manhatten 0 |
TOP OF THE 2ND |
Minnesota Death Stars batting - Pitching for Manhatten Meatheads : LHP Juan Mendoza
|
Batting: RHB Herb Ashley
|
0-0: Swinging Strike 0-1: Fly out, F7 (Line Drive, 7M)
|
Batting: RHB Jorge Martínez
|
0-0: SINGLE (Flyball, 78S)
|
Batting: LHB Sixto Cortés
|
0-0: Called Strike 0-1: Foul Ball, location: 2F 0-2: Ball Jorge Martínez is caught stealing 2nd base 1-2: Ground out 3-1 (Groundball, 3)
|
Top of the 2nd over - 0 run(s), 1 hit(s), 0 error(s), 0 left on base; Minnesota 0 - Manhatten 0 |
BOTTOM OF THE 2ND |
Manhatten Meatheads batting - Pitching for Minnesota Death Stars : RHP Ángel Uribe
|
Batting: RHB Greg Lee
|
0-0: Ball 1-0: Ground out 6-3 (Groundball, 6)
|
Batting: SHB Kent Phillips
|
0-0: Fly out, F7 (Flyball, 78M)
|
Batting: SHB José Sousa
|
0-0: Ground out U3 (Groundball, 3)
|
Bottom of the 2nd over - 0 run(s), 0 hit(s), 0 error(s), 0 left on base; Minnesota 0 - Manhatten 0 |
TOP OF THE 3RD |
Minnesota Death Stars batting - Pitching for Manhatten Meatheads : LHP Juan Mendoza
|
Batting: LHB Lucas Coleman
|
0-0: Ball 1-0: Ground out U3 (Groundball, 3S)
|
Batting: RHB Leslie Penn
|
0-0: Called Strike 0-1: Ball 1-1: Ball 2-1: Fly out, F3 (Popup, 23)
|
Batting: RHB John Brown
|
0-0: Ball 1-0: Ball 2-0: Called Strike 2-1: Ball 3-1: Base on Balls
|
Batting: RHB José Pérez
|
0-0: Ball Wild Pitch! John Brown to second 1-0: Foul Ball, location: 2F 1-1: Ball 2-1: Called Strike 2-2: Ball 3-2: Foul Ball, location: 2F 3-2: Strikes out swinging
|
Top of the 3rd over - 0 run(s), 0 hit(s), 0 error(s), 1 left on base; Minnesota 0 - Manhatten 0 |
BOTTOM OF THE 3RD |
Manhatten Meatheads batting - Pitching for Minnesota Death Stars : RHP Ángel Uribe
|
Batting: RHB Ramón Ybarra
|
0-0: SINGLE (Line Drive, 78S)
|
Batting: RHB Mark McDonald
|
0-0: Ball 1-0: Swinging Strike 1-1: Foul Ball, location: 2F 1-2: Ball 2-2: Strikes out swinging
|
Batting: SHB Will Evans
|
0-0: Called Strike 0-1: Called Strike 0-2: Ball 1-2: Foul Ball, location: 2F 1-2: Strikes out swinging
|
Batting: RHB Alfredo Díaz
|
0-0: Foul Ball, location: 2F 0-1: DOUBLE (Line Drive, 7LD) Ramón Ybarra to third
|
Batting: RHB Claudio Gonzáles
|
0-0: Foul Ball, location: 2F 0-1: Ball 1-1: Swinging Strike 1-2: Ball 2-2: Foul Ball, location: 2F 2-2: Ball 3-2: Base on Balls
|
Batting: RHB Júlio Galló
|
0-0: Called Strike 0-1: Ball 1-1: Swinging Strike 1-2: Strikes out swinging passed ball, reaches first! Ramón Ybarra scores Alfredo Díaz to third Claudio Gonzáles to second
|
Batting: RHB Greg Lee
|
0-0: Ball 1-0: Ball 2-0: Foul Ball, location: 2F 2-1: Foul Ball, location: 2F 2-2: Ball 3-2: Strikes out swinging
|
Bottom of the 3rd over - 1 run(s), 2 hit(s), 0 error(s), 3 left on base; Minnesota 0 - Manhatten 1 |
TOP OF THE 4TH |
Minnesota Death Stars batting - Pitching for Manhatten Meatheads : LHP Juan Mendoza
|
Batting: RHB Peter Dixon
|
0-0: Called Strike 0-1: Ball 1-1: Ball 2-1: Called Strike 2-2: Foul Ball, location: 2F 2-2: Ball 3-2: Strikes out looking
|
Batting: LHB Chris Loudermilk
|
0-0: Ball 1-0: Called Strike 1-1: Swinging Strike 1-2: Ball 2-2: Ball 3-2: Strikes out swinging
|
Batting: RHB Herb Ashley
|
0-0: Foul Ball, location: 2F 0-1: Ball 1-1: Ball 2-1: Foul Ball, location: 2F 2-2: Foul Ball, location: 2F 2-2: Ball 3-2: Strikes out swinging
|
Top of the 4th over - 0 run(s), 0 hit(s), 0 error(s), 0 left on base; Minnesota 0 - Manhatten 1 |
BOTTOM OF THE 4TH |
Manhatten Meatheads batting - Pitching for Minnesota Death Stars : RHP Ángel Uribe
|
Batting: SHB Kent Phillips
|
0-0: Ball 1-0: Hit by Pitch
|
Batting: SHB José Sousa
|
0-0: SINGLE (Line Drive, 34) Kent Phillips to second
|
Batting: RHB Ramón Ybarra
|
0-0: Ball 1-0: Grounds into double play, 5-4-3 (Groundball, 56) Kent Phillips to third
|
Batting: RHB Mark McDonald
|
0-0: Ball 1-0: Swinging Strike 1-1: Called Strike 1-2: Ball 2-2: Strikes out swinging
|
Bottom of the 4th over - 0 run(s), 1 hit(s), 0 error(s), 1 left on base; Minnesota 0 - Manhatten 1 |
TOP OF THE 5TH |
Minnesota Death Stars batting - Pitching for Manhatten Meatheads : LHP Juan Mendoza
|
Batting: RHB Jorge Martínez
|
0-0: Ball 1-0: Ball 2-0: Called Strike 2-1: Ground out 5-3 (Groundball, 56)
|
Batting: LHB Sixto Cortés
|
0-0: Ball 1-0: Ball 2-0: Called Strike 2-1: Foul Ball, location: 2F 2-2: Strikes out looking
|
Batting: LHB Lucas Coleman
|
0-0: Foul Ball, location: 2F 0-1: Fly out, F5 (Popup, 15)
|
Top of the 5th over - 0 run(s), 0 hit(s), 0 error(s), 0 left on base; Minnesota 0 - Manhatten 1 |
BOTTOM OF THE 5TH |
Manhatten Meatheads batting - Pitching for Minnesota Death Stars : RHP Ángel Uribe
|
Batting: SHB Will Evans
|
0-0: Ball 1-0: Called Strike 1-1: Fly out, F7 (Flyball, 7M)
|
Batting: RHB Alfredo Díaz
|
0-0: Ball 1-0: Swinging Strike 1-1: Ball 2-1: Ball 3-1: Foul Ball, location: 2F 3-2: Foul Ball, location: 2F 3-2: Foul Ball, location: 2F 3-2: Base on Balls
|
Batting: RHB Claudio Gonzáles
|
0-0: Grounds into double play, 6-4-3 (Groundball, 6M)
|
Bottom of the 5th over - 0 run(s), 0 hit(s), 0 error(s), 0 left on base; Minnesota 0 - Manhatten 1 |
TOP OF THE 6TH |
Minnesota Death Stars batting - Pitching for Manhatten Meatheads : LHP Juan Mendoza
|
Batting: RHB Leslie Penn
|
0-0: Ball 1-0: Ball 2-0: SINGLE (Groundball, 6M)
|
Batting: RHB John Brown
|
0-0: Called Strike 0-1: Foul Ball, location: 2F 0-2: Foul Ball, location: 2F 0-2: Strikes out swinging
|
Batting: RHB José Pérez
|
0-0: Foul Ball, location: 2F 0-1: Ball 1-1: Called Strike 1-2: Foul Ball, location: 2F 1-2: Foul Ball, location: 2F 1-2: Ball 2-2: Foul Ball, location: 2F 2-2: Strikes out swinging
|
Batting: RHB Peter Dixon
|
0-0: Ball 1-0: Ball 2-0: Called Strike 2-1: SINGLE (Groundball, 56D) Leslie Penn to second
|
Pitching: RHP Doug Cole
|
|
Batting: LHB Chris Loudermilk
|
0-0: Ball 1-0: Ball 2-0: Ball 3-0: Called Strike 3-1: Base on Balls Leslie Penn to third Peter Dixon to second
|
Batting: RHB Herb Ashley
|
0-0: Called Strike 0-1: Foul Ball, location: 2F 0-2: Ball 1-2: Ball 2-2: Ball 3-2: Base on Balls Leslie Penn scores Peter Dixon to third Chris Loudermilk to second
|
Batting: RHB Jorge Martínez
|
0-0: Ball 1-0: Fielders Choice at 2nd, U4 (Groundball, 4M)
|
Top of the 6th over - 1 run(s), 2 hit(s), 0 error(s), 3 left on base; Minnesota 1 - Manhatten 1 |
BOTTOM OF THE 6TH |
Manhatten Meatheads batting - Pitching for Minnesota Death Stars : RHP Ángel Uribe
|
Batting: RHB Júlio Galló
|
0-0: Ball 1-0: Called Strike 1-1: Ball 2-1: SINGLE (Flyball, 7S)
|
Batting: RHB Greg Lee
|
0-0: Foul Ball, location: 2F 0-1: Fly out, F8 (Flyball, 8LM)
|
Batting: SHB Kent Phillips
|
0-0: Ball 1-0: Called Strike 1-1: Ball 2-1: Foul Ball, location: 2F 2-2: Foul Ball, location: 2F 2-2: SINGLE (Line Drive, 56D) Júlio Galló to second
|
Pitching: RHP Jeremias Pereirinha
|
|
Batting: SHB José Sousa
|
0-0: Ball 1-0: Called Strike 1-1: Ball 2-1: Reached on error, E6 (Groundball, 6M) Júlio Galló to third Kent Phillips to second
|
Batting: RHB Ramón Ybarra
|
0-0: Ball 1-0: Ball 2-0: Ball 3-0: Base on Balls Júlio Galló scores Kent Phillips to third José Sousa to second
|
Batting: RHB Mark McDonald
|
0-0: Ball 1-0: Foul Ball, location: 2F 1-1: Ground out 5-3 (Groundball, 56S) Kent Phillips scores José Sousa to third Ramón Ybarra to second
|
Batting: SHB Will Evans
|
0-0: Called Strike 0-1: Foul Ball, location: 2F 0-2: Ball 1-2: Foul Ball, location: 2F 1-2: Strikes out swinging
|
Bottom of the 6th over - 2 run(s), 2 hit(s), 1 error(s), 2 left on base; Minnesota 1 - Manhatten 3 |
TOP OF THE 7TH |
Minnesota Death Stars batting - Pitching for Manhatten Meatheads : RHP Doug Cole
|
Batting: LHB Sixto Cortés
|
0-0: Ball 1-0: Ball 2-0: Called Strike 2-1: SINGLE (Line Drive, 7LM)
|
Batting: LHB Lucas Coleman
|
0-0: TRIPLE (Line Drive, 9LM) Sixto Cortés scores
|
Batting: RHB Leslie Penn
|
0-0: Ball 1-0: Foul Ball, location: 2F 1-1: Ball 2-1: Foul Ball, location: 2F 2-2: Foul Ball, location: 2F 2-2: Strikes out looking
|
Batting: RHB John Brown
|
0-0: Called Strike 0-1: SINGLE (Groundball, 56D) Lucas Coleman scores
|
Batting: RHB José Pérez
|
0-0: Swinging Strike 0-1: Foul Ball, location: 2F 0-2: Strikes out swinging
|
Batting: RHB Peter Dixon
|
0-0: Called Strike 0-1: Swinging Strike 0-2: Ball 1-2: Foul Ball, location: 2F 1-2: Ball 2-2: Foul Ball, location: 2F 2-2: Ball 3-2: Strikes out looking
|
Top of the 7th over - 2 run(s), 3 hit(s), 0 error(s), 1 left on base; Minnesota 3 - Manhatten 3 |
BOTTOM OF THE 7TH |
Manhatten Meatheads batting - Pitching for Minnesota Death Stars : RHP Jeremias Pereirinha
|
Batting: RHB Alfredo Díaz
|
0-0: Ball 1-0: Ground out 5-3 (Groundball, 5)
|
Batting: RHB Claudio Gonzáles
|
0-0: Foul Ball, location: 2F 0-1: Ball 1-1: Foul Ball, location: 2F 1-2: Strikes out swinging
|
Batting: RHB Júlio Galló
|
0-0: Foul Ball, location: 2F 0-1: Foul Ball, location: 2F 0-2: Ball 1-2: Foul Ball, location: 2F 1-2: Foul Ball, location: 2F 1-2: Ball 2-2: Ball 3-2: SINGLE (Line Drive, 5)
|
Batting: RHB Greg Lee
|
0-0: Called Strike 0-1: Ball 1-1: Ball 2-1: SINGLE (Flyball, 7LM) Júlio Galló to second
|
Pinch Hitting: LHB Magali Foulerton
|
0-0: Foul Ball, location: 2F 0-1: Ball 1-1: Ball 2-1: Ball 3-1: Base on Balls Júlio Galló to third Greg Lee to second
|
Pinch Hitting: RHB Stanley Robbins
|
0-0: Ball 1-0: Called Strike 1-1: Ball 2-1: Fly out, F8 (Flyball, 8RM)
|
Bottom of the 7th over - 0 run(s), 2 hit(s), 0 error(s), 3 left on base; Minnesota 3 - Manhatten 3 |
TOP OF THE 8TH |
Minnesota Death Stars batting - Pitching for Manhatten Meatheads : RHP Doug Cole
|
Now at 1B: Magali Foulerton
|
|
Now in CF: Vitaliano Capuana
|
|
Batting: LHB Chris Loudermilk
|
0-0: Ball 1-0: Ball 2-0: Ball 3-0: Base on Balls
|
Batting: RHB Herb Ashley
|
0-0: Ball 1-0: SINGLE (Line Drive, 34) Chris Loudermilk to second Runner from 2nd tries for 3rd, SAFE, throw made to third Herb Ashley to second
|
Pinch Hitting: RHB Manny Clemente
|
0-0: Intentional Walk
|
Batting: LHB Sixto Cortés
|
0-0: Ball 1-0: Swinging Strike 1-1: Ball 2-1: Ball 3-1: Swinging Strike 3-2: Foul Ball, location: 2F 3-2: Strikes out swinging
|
Batting: LHB Lucas Coleman
|
0-0: Swinging Strike 0-1: SINGLE (Flyball, 8LS) Chris Loudermilk scores Herb Ashley to third Manny Clemente to second Runner from 3rd tries for Home, SAFE, no throw or cutoff
|
Pitching: LHP Enrico Lozano
|
|
Batting: RHB Leslie Penn
|
0-0: 3-RUN HOME RUN (Flyball, 78XD), Distance : 398 ft
|
Batting: RHB John Brown
|
0-0: Ball 1-0: Foul Ball, location: 2F 1-1: Ball 2-1: Ball 3-1: SINGLE (Flyball, 9LS)
|
Batting: RHB José Pérez
|
0-0: Foul Ball, location: 2F 0-1: Foul Ball, location: 2F 0-2: Fly out, F4 (Popup, 4D)
|
Batting: RHB Peter Dixon
|
0-0: Called Strike 0-1: Ball 1-1: Called Strike 1-2: Ball 2-2: SINGLE (Line Drive, 8LS) John Brown to second
|
Batting: LHB Chris Loudermilk
|
0-0: Called Strike 0-1: Swinging Strike 0-2: Strikes out looking
|
Top of the 8th over - 5 run(s), 5 hit(s), 0 error(s), 2 left on base; Minnesota 8 - Manhatten 3 |
BOTTOM OF THE 8TH |
Manhatten Meatheads batting - Pitching for Minnesota Death Stars : RHP Jeremias Pereirinha
|
Now at 3B: Boys van der Lack
|
|
Batting: RHB Ramón Ybarra
|
0-0: Ball 1-0: Called Strike 1-1: SINGLE (Groundball, 56)
|
Batting: RHB Mark McDonald
|
0-0: Foul Ball, location: 2F 0-1: Ball 1-1: Ball 2-1: Foul Ball, location: 2F 2-2: DOUBLE (Flyball, 7LM) Ramón Ybarra to third
|
Batting: SHB Will Evans
|
0-0: Swinging Strike 0-1: Swinging Strike 0-2: Foul Ball, location: 2F 0-2: Strikes out swinging
|
Pitching: RHP Dylan Versluis
|
|
Batting: RHB Alfredo Díaz
|
0-0: Ball 1-0: Ball 2-0: Foul Ball, location: 2F 2-1: Ground out 5-3 (Groundball, 5L)
|
Batting: RHB Claudio Gonzáles
|
0-0: Called Strike 0-1: Ball 1-1: Ball 2-1: Reached on error, E6 (Groundball, 6S) Ramón Ybarra scores Mark McDonald to third
|
Batting: RHB Júlio Galló
|
0-0: Called Strike 0-1: Fly out, F7 (Flyball, 7M)
|
Bottom of the 8th over - 1 run(s), 2 hit(s), 1 error(s), 2 left on base; Minnesota 8 - Manhatten 4 |
TOP OF THE 9TH |
Minnesota Death Stars batting - Pitching for Manhatten Meatheads : LHP Enrico Lozano
|
Batting: RHB Herb Ashley
|
0-0: Ball 1-0: SINGLE (Line Drive, 8LS)
|
Batting: SHB Boys van der Lack
|
0-0: Ball 1-0: Ground out U3 (Groundball, 3S) Herb Ashley to second
|
Batting: LHB Sixto Cortés
|
0-0: Ball 1-0: Called Strike 1-1: Foul Ball, location: 2F 1-2: Strikes out looking
|
Batting: LHB Lucas Coleman
|
0-0: Foul Ball, location: 2F 0-1: Swinging Strike 0-2: Strikes out swinging
|
Top of the 9th over - 0 run(s), 1 hit(s), 0 error(s), 1 left on base; Minnesota 8 - Manhatten 4 |
BOTTOM OF THE 9TH |
Manhatten Meatheads batting - Pitching for Minnesota Death Stars : RHP Dylan Versluis
|
Pitching: RHP Gerardo García
|
|
Batting: RHB Greg Lee
|
0-0: Ball 1-0: Ball 2-0: Ground out 5-3 (Groundball, 5)
|
Batting: LHB Magali Foulerton
|
0-0: Called Strike 0-1: Swinging Strike 0-2: Strikes out swinging
|
Batting: SHB Vitaliano Capuana
|
0-0: Ball 1-0: Fly out, F7 (Flyball, 8LS)
|
Bottom of the 9th over - 0 run(s), 0 hit(s), 0 error(s), 0 left on base; Minnesota 8 - Manhatten 4 |
|